 Dungeon Crawl Stone Soup version 0.27-a0-797-g27d10ad80f (webtiles) character file.

Game seed: 8237208351682908000

2158 HoaS the Insei (level 9, 0/65 HPs)
             Began as a Djinni Gladiator on Mar 27, 2021.
             Was a Follower of Makhleb.
             Slain by Pikel
             ... wielding a +2 whip of freezing
              (6 damage)
             ... on level 8 of the Dungeon.
             The game lasted 00:21:27 (8677 turns).

HoaS the Insei (Djinni Gladiator)                   Turns: 8677, Time: 00:21:27

Health: 0/65       AC: 11    Str:  9    XL:     9   Next: 31%
Gold:   250        EV: 17    Int: 14    God:    Makhleb [*.....] SH:  5 Dex: 10

rFire    + + .     SeeInvis +     - Unarmed
rCold    + + .     Faith    .   (no shield)
rNeg     . . .     Spirit   .   t - +0 steam dragon scales
rPois    ∞         Reflect  +   b - +1 helmet
rElec    .         Harm     .   k - +0 cloak
rCorr    .         Rampage  .   f - +2 pair of gloves
Will     .....                  (boots unavailable)
Stlth    +.........             p - amulet of reflection
HPRegen  0.20/turn              e - +4 ring of evasion
MPRegen  0.00/turn              m - ring of Haebuig {rPois rC+++ Str-4 Dex-4 SInv}

@: flying
A: fire resistance 2, cold vulnerability 1, float, innate caster, hp casting,
extra vitality 1
a: Renounce Religion


You were on level 8 of the Dungeon.
You worshipped Makhleb.
Makhleb was aware of your devotion.
You visited 2 branches of the dungeon, and saw 9 of its levels.

You collected 298 gold pieces.
You spent 48 gold pieces at shops.

Inventory:

Armour
 b - a +1 helmet (worn)
 f - a +2 pair of gloves (worn)
 k - a +0 cloak (worn)
 t - +0 steam dragon scales (worn)
Jewellery
 a - a ring of fire
 e - a +4 ring of evasion (left hand)
 m - the ring of Haebuig (right hand) {rPois rC+++ Str-4 Dex-4 SInv}
   (You found it on level 4 of the Dungeon)

   [ring of see invisible]

   It affects your strength (-4).
   It affects your dexterity (-4).
   It renders you almost immune to cold.
   It protects you from poison.
   It lets you see invisible.
 p - an amulet of reflection (around neck)
 r - a ring of wizardry
Scrolls
 c - 3 scrolls of teleportation
 g - 3 scrolls of silence
 l - a scroll of identify
Potions
 d - a potion of lignification {unknown}
 i - 2 potions of ambrosia
 j - a potion of brilliance
 n - a potion of cancellation {unknown}
 q - 2 potions of curing {unknown}
 s - 4 potions of attraction


   Skills:
 + Level 5.4 Fighting
 - Level 1.5 Throwing
 + Level 6.4 Dodging
 * Level 7.8 Unarmed Combat
 * Level 5.2 Spellcasting


You had 8 spell levels left.
You knew the following spells:

 Your Spells              Type           Power      Damage    Failure   Level
a - Foxfire               Conj/Fire      72%        2x1d7     1%          1
b - Passwall              Tmut/Erth      15%        N/A       3%          2
c - Gell's Gravitas       Tloc           9%         N/A       6%          3
d - Dispel Undead         Necr           18%        3d11      21%         4
Your spell library was empty.

Dungeon Overview and Level Annotations

Branches:
Dungeon (8/15)             Temple (1/1) D:7
   Lair: D:8-11

Altars:
Ashenzari
Cheibriados
Dithmenos
Fedhas
Gozag
Hepliaklqana
Kikubaaqudgha
Makhleb
Nemelex Xobeh
Okawaru
Qazlal
Ru
Sif Muna
Trog
Uskayaw
Vehumet
Wu Jian
Xom
Yredelemnul
Zin
The Shining One

Shops:
D:6 *

Annotations:
D:3 3 runed translucent doors, Teazel's ghost, amateur DsGl
D:8 Pikel


Innate Abilities, Weirdness & Mutations

You are immune to poison.
Your flesh is very heat resistant. (rF++)
You are vulnerable to cold. (rC-)
You float through the air rather than walking.
You learn spells naturally, not from books.
Your magical power is your life essence.
You have superior vitality. (+4 HP)


Message History

You hit Pikel.
Pikel is severely wounded.
You hit Pikel but do no damage.
Pikel is severely wounded.
Pikel hits you with a +2 whip of freezing!
You closely miss Pikel.
Pikel is heavily wounded.
Pikel closely misses you.
You hit Pikel.
Pikel is severely wounded.
Pikel barely misses you.
Okay, then.
Unknown command.
You hit Pikel but do no damage.
Pikel is severely wounded.
Pikel hits you with a +2 whip of freezing.
* * * LOW HITPOINT WARNING * * *
You closely miss Pikel.
Pikel is severely wounded.
Pikel hits you with a +2 whip of freezing.
* * * LOW HITPOINT WARNING * * *
You barely miss Pikel.
Pikel is severely wounded.
Pikel hits you with a +2 whip of freezing!
* * * LOW HITPOINT WARNING * * *
You hit Pikel but do no damage.
Pikel is severely wounded.
You barely miss Pikel.
Pikel is severely wounded.
Pikel closely misses you.
You closely miss Pikel.
Pikel is severely wounded.
Pikel barely misses you.
You closely miss Pikel.
Pikel is severely wounded.
Pikel completely misses you.
You hit Pikel but do no damage.
Pikel is severely wounded.
Pikel hits you with a +2 whip of freezing.
You die...

#.#.#######5######.##
#.#.#.......5...##.#
#.#.##.####...#.##.#
#.#.##.#..#.K.#.##.#
#.#.##.#......#.##.#
..#.##.#.##.#.#.##.#
#.#.##.#.##.#5#5##.#
#.#.##.#.##.#55K##.#
#.#.##.#..#.####@#.#
..#.##.##.#.# #.#.#
#.#.##.##.#.# #.#.#
###.##.##.#.# #.#.#
#.##.##.#.# #.#.#
#.#.....#.####.#.#
#.#............#.#
#.##....#.######.#
#.......#.†..†...#


You could see Pikel and 4 lemures.

Vanquished Creatures
  Grinder (D:5)
  A steam dragon (D:6)
  An ice beast (D:7)
  A black bear (D:5)
  A centaur (D:6)
  2 phantoms
  2 kobold brigands (D:7)
  Blork the orc (D:5)
  2 bullfrogs (D:7)
  A water moccasin zombie (D:5)
  2 scorpions (D:5)
  6 killer bees (D:8)
  An electric eel (D:8)
  4 howler monkeys
  2 bullfrog skeletons
  2 gnoll shamans
  2 hounds (D:6)
  Terence (D:2)
  An orc wizard (D:7)
  2 iguanas (D:5)
  A killer bee zombie (D:5)
  A howler monkey zombie (D:5)
  4 gnolls (D:6)
  5 adders
  A white imp (D:6)
  An ufetubus (D:5)
  A worm (D:4)
  7 dart slugs
  9 orcs
  6 endoplasms
  2 giant cockroaches
  4 goblins
  6 hobgoblins
  5 jackals (D:1)
  4 quokkas
  6 ball pythons
  3 bats
  2 frilled lizards (D:1)
  18 kobolds
  4 rats
126 creatures vanquished.

Vanquished Creatures (collateral kills)
  A frilled lizard (D:3)
1 creature vanquished.

Vanquished Creatures (others)
  15 foxfires
  A fungus (D:8)
16 creatures vanquished.

Grand Total: 143 creatures vanquished

Notes
Turn   | Place    | Note
-------+----------+-------------------------------------------
     0 | D:1      | HoaS the Djinni Gladiator began the quest for the Orb.
     0 | D:1      | Reached XP level 1. HP: 18/18 MP: 0/0
    73 | D:1      | Reached XP level 2. HP: 15/23 MP: 0/0
   760 | D:1      | Reached XP level 3. HP: 28/28 MP: 0/0
   760 | D:1      | Learned a level 1 spell: Foxfire
   999 | D:2      | Noticed Terence
  1027 | D:2      | Killed Terence
  1028 | D:2      | Reached skill level 1 in Spellcasting
  1511 | D:2      | Reached XP level 4. HP: 34/34 MP: 0/0
  2223 | D:3      | You are sucked into a shaft and drop 2 floors!
  2223 | D:5      | Entered Level 5 of the Dungeon
  2223 | D:5      | Noticed Grinder
  2243 | D:5      | Killed Grinder
  2244 | D:5      | Reached skill level 4 in Unarmed Combat
  2244 | D:5      | Reached XP level 5. HP: 21/40 MP: 0/0
  2244 | D:5      | Learned a level 2 spell: Passwall
  2244 | D:5      | Reached XP level 6. HP: 24/46 MP: 0/0
  2681 | D:3      | Found a runed translucent gate.
  2683 | D:3      | Found a runed translucent gate.
  2689 | D:3      | Found a runed translucent gate.
  2689 | D:3      | Noticed Teazel's ghost (amateur DsGl)
  3150 | D:4      | Identified the ring of Haebuig {rPois rC+++ Str-4 Dex-4
                  | SInv}
  4212 | D:5      | Reached skill level 5 in Unarmed Combat
  4411 | D:5      | Noticed Blork the orc
  4426 | D:5      | Killed Blork the orc
  4427 | D:5      | Reached XP level 7. HP: 37/51 MP: 0/0
  4427 | D:5      | Learned a level 3 spell: Gell's Gravitas
  4783 | D:5      | Reached skill level 5 in Dodging
  5610 | D:5      | Reached skill level 6 in Unarmed Combat
  5750 | D:6      | Noticed a steam dragon
  5775 | D:6      | Killed a steam dragon
  5776 | D:6      | Reached XP level 8. HP: 39/58 MP: 0/0
  6189 | D:6      | Found a hazy altar of Hepliaklqana.
  6349 | D:6      | Found Mipn's General Store.
  6356 | D:6      | Bought a scroll of identify for 24 gold pieces
  6356 | D:6      | Bought a scroll of identify for 24 gold pieces
  7088 | D:7      | Found a staircase to the Ecumenical Temple.
  7099 | Temple   | Entered the Ecumenical Temple
  7278 | Temple   | Became a worshipper of Makhleb the Destroyer
  7426 | D:6      | Reached skill level 7 in Unarmed Combat
  7717 | D:7      | Reached skill level 5 in Fighting
  7931 | D:7      | Reached XP level 9. HP: 60/65 MP: 0/0
  7931 | D:7      | Learned a level 4 spell: Dispel Undead
  8374 | D:8      | Reached skill level 5 in Spellcasting
  8578 | D:8      | Noticed Pikel
  8583 | D:8      | Reached * piety under Makhleb
  8677 | D:8      | Slain by Pikel

Illustrated notes

Levels and vault maps discovered:
D:1:      giann_wishing_wells, layout_basic
D:2:      layout_loops_ring, uniq_terence
D:3:      layout_loops_ring, ebering_ghost_rock_garden, feat_on_display
D:4:      layout_layer_cave, lemuel_crystal_altar
D:5:      layout_cave_pods, minmay_fractal_squares_5, uniq_grinder,
          uniq_blork_the_orc
D:6:      layout_loops_ring, serial_glass, glass_columns_b, glass_columns_a,
          basic_altar, serial_shops, nicolae_shop_window_shopping,
          kennysheep_generic_room_5
D:7:      layout_basic, minmay_temple_entry_antechambers
D:8:      layout_basic, erik_lair_orcish_takeover,
          gammafunk_ghost_wrathful_warriors, minmay_misc_feat_tiny,
          fungi_pond_lemuel, the_bakery, uniq_maggie, uniq_psyche, uniq_pikel
Temple:   regret_index_temple_chain_breaker

Skill      XL: |  1  2  3  4  5  6  7  8  9 |
---------------+----------------------------+-----
Spellcasting   | 1 2 3 4 5 |  5.2
Fighting       | 3 4 5 |  5.4
Dodging        | 4 5 6 |  6.4
Unarmed Combat | 4 5 6 7 |  7.8
Throwing       | |  1.5

Action                   |  1- 3 |  4- 6 |  7- 9 || total
-------------------------+-------+-------+-------++-------
Melee: Unarmed           |   139 |   193 |   506 ||   838
       Punch             |     3 |     2 |    11 ||    16
Throw: Throwing net      |     3 |       |       ||     3
 Cast: Foxfire           |       |     4 |     4 ||     8
  Use: Scroll            |     2 |     9 |     9 ||    20
       Potion            |       |     3 |     1 ||     4
 Stab: Held in net/web   |     1 |       |       ||     1
Armor: Leather armour    |    25 |    31 |    23 ||    79
       Steam dragon scal |       |       |    61 ||    61
Dodge: Dodged            |    74 |   140 |   343 ||   557
Block: Other             |       |    11 |    99 ||   110
       Reflection        |       |       |     3 ||     3

Table legend: (Time is in decaauts)
 A = Elapsed time spent in this place.
 B = Non-inter-level travel time spent in this place.
 C = Inter-level travel time spent in this place.
 D = Time resting spent in this place.
 E = Time spent auto-exploring this place.
 F = Levels seen in this place.
 G = Mean time per level.
                   A        B        C        D        E       F      G
               +--------+--------+--------+--------+--------+-----+--------+
         Total |   8588 |   8221 |    367 |   2088 |   4604 |   9 |  954.2 |
       Dungeon |   8399 |   8065 |    334 |   2088 |   4450 |   8 | 1049.9 |
        Temple |    188 |    155 |     33 |      0 |    154 |   1 |  188.0 |
               +--------+--------+--------+--------+--------+-----+--------+

Top non-repeatable levels by time:
     D:5: 1793 daAuts
     D:6: 1399 daAuts
     D:4: 1082 daAuts
     D:2: 1056 daAuts
     D:1: 993 daAuts
     D:7: 957 daAuts
     D:3: 768 daAuts
     D:8: 348 daAuts
  Temple: 188 daAuts
